 Dungeon Crawl Stone Soup version 0.27.1 (webtiles) character file.

Game seed: 13690208062252241535

77 robertstho the Magician (level 4, -1/31 HPs)
             Began as a Djinni Fire Elementalist on Sept 3, 2021.
             Slain by an adder (4 damage)
             ... on level 2 of the Dungeon.
             The game lasted 00:03:00 (3087 turns).

robertstho the Magician (Djinni Fire Elementalist)  Turns: 3087, Time: 00:03:01

Health: -1/31      AC:  2    Str:  7    XL:     4   Next: 58%
Gold:   77         EV: 12    Int: 17    God:
                   SH:  0    Dex: 14

rFire    + + +     SeeInvis .   g - +2 dagger (speed)
rCold    x x .     Faith    .   (no shield)
rNeg     . . .     Spirit   .   a - +0 robe
rPois    ∞         Reflect  .   (no helmet)
rElec    .         Harm     .   (no cloak)
rCorr    .         Rampage  .   (no gloves)
Will     .....                  (boots unavailable)
Stlth    ++........             (no amulet)
HPRegen  0.10/turn              b - ring of fire
MPRegen  0.00/turn              (no ring)

@: flying, slowed, very slow
A: sickness immunity, fire resistance 2, cold vulnerability 1, float, innate
caster, hp casting, extra vitality 1
a: no special abilities


You were on level 2 of the Dungeon.
You visited 1 branch of the dungeon, and saw 2 of its levels.

You collected 77 gold pieces.

Inventory:

Hand Weapons
 g - a +2 dagger of speed (weapon)
Armour
 a - a +0 robe (worn)
Jewellery
 b - a ring of fire (left hand)
Wands
 h - a wand of flame (18)
Scrolls
 c - 2 scrolls of identify
 d - a scroll of vulnerability
 f - a scroll of amnesia {unknown}
Potions
 i - a potion of attraction {unknown}


   Skills:
 + Level 2.5 Dodging
 + Level 2.1 Stealth
 + Level 3.6 Spellcasting


You couldn't memorise any spells.
You knew the following spells:

 Your Spells              Type           Power      Damage    Failure   Level
a - Foxfire               Conj/Fire      92%        2x1d8     3%          1
b - Conjure Flame         Conj/Fire      23%        6-21      11%         3
c - Inner Flame           Hex/Fire       23%        N/A       11%         3
d - Sticky Flame          Conj/Fire      23%        2d4       36%         4
e - Fireball              Conj/Fire      11%        3d7       71%         5
f - Pain                  Necr           60%        1d7       3%          1
Your spell library was empty.

Dungeon Overview and Level Annotations

Branches:
Dungeon (2/15)

Altars:

Annotations:
D:2 Natasha


Innate Abilities, Weirdness & Mutations

You are immune to sickness and miasma.
You are immune to poison.
Your flesh is very heat resistant. (rF++)
You are vulnerable to cold. (rC-)
You float through the air rather than walking.
You learn spells naturally, not from books.
Your magical power is your life essence.
You have superior vitality. (+4 HP)


Message History

The foxfire hits the adder!
You kill the adder!
Your magical contamination has completely faded away.
Unknown command.
The hobgoblin hits you.
The crimson imp disappears for a moment.
The crimson imp closely misses you. The adder bites you.
* * * LOW HITPOINT WARNING * * *
Natasha barely misses you. The hobgoblin barely misses you.
You see here an adder corpse.
Natasha zaps a wand.
Some rock shatters into small pieces.
The adder barely misses you. The adder misses you.
The crimson imp closely misses you.
You hear a zap.
Some rock shatters into small pieces.
The adder bites you but does no damage. The adder closely misses you.
Casting: Foxfire (safe; 3% risk of failure)
Confirm with . or Enter, or press ? or * to list all spells.
Okay, then.
The crimson imp disappears in a puff of smoke!
You hear a zap.
Some rock shatters into small pieces.
A bat comes into view.
The adder closely misses you. The adder barely misses you.
The bat moves out of view.
The adder barely misses you.
As you read the scroll labelled SIMNOAPEROHI, it crumbles to dust.
It is a scroll of identify.
d - a scroll of vulnerability The adder bites you but does no damage.
Natasha zaps a wand.
Some rock shatters into small pieces.
The now-empty wand crumbles to dust.
The adder bites you.
* * * LOW HITPOINT WARNING * * *
The adder completely misses you.
As you read the scroll labelled IME OFOEMM, it crumbles to dust.
The creatures around you are filled with an inner flame!
It was a scroll of immolation.
The adder bites you.
* * * LOW HITPOINT WARNING * * *
The adder misses you. The adder bites you.
You die...

....#.# .. # ...#. ...
####....#. .... ....
... #.. . ###
#.#......... .. ..#
#.#...#.#.#...# #.#
#.#.....Sb..... #
#####.#...#@# .. # ..
.......#S#.# ###.#
#....##S..# ....#
###...g.#h..#
###........#.S#..#.#
#...##.#..........#
###+#...+........#.####
#...... ##.#.##..#.#
#.....#
#.........#####.#


You could see Natasha (inner flame), 3 adders and a bat (inner flame).

Vanquished Creatures
  4 adders (D:2)
  2 dart slugs
  3 bats
  3 endoplasms
  5 giant cockroaches
  2 goblins (D:1)
  4 hobgoblins
  A quokka (D:1)
  3 ball pythons
  2 frilled lizards
  4 kobolds
  3 rats
36 creatures vanquished.

Vanquished Creatures (others)
  180 foxfires
180 creatures vanquished.

Grand Total: 216 creatures vanquished

Notes
Turn   | Place    | Note
-------+----------+-------------------------------------------
     0 | D:1      | robertstho the Djinni Fire Elementalist began the quest for
                  | the Orb.
     0 | D:1      | Reached XP level 1. HP: 15/15 MP: 0/0
   372 | D:1      | Reached XP level 2. HP: 17/21 MP: 0/0
   930 | D:1      | Reached skill level 3 in Spellcasting
  1243 | D:1      | Reached XP level 3. HP: 23/25 MP: 0/0
  1243 | D:1      | Learned a level 1 spell: Pain
  1582 | D:1      | Found a faded altar of an unknown god.
  2500 | D:2      | Reached XP level 4. HP: 9/31 MP: 0/0
  3069 | D:2      | Noticed Natasha
  3087 | D:2      | Slain by an adder

Illustrated notes

Levels and vault maps discovered:
D:1:      dpeg_arrival_short_road, layout_basic,
          dilly_ecumenical_altar_fadedgnrine
D:2:      layout_basic, uniq_natasha

Skill      XL: |  1  2  3 |
---------------+----------+-----
Spellcasting   | 3 |  3.6
Stealth        | 2 |  2.1
Dodging        | |  2.5

Action                   |  1- 3 |  4- 6 || total
-------------------------+-------+-------++-------
Melee: Dagger            |     1 |       ||     1
 Cast: Foxfire           |    99 |    14 ||   113
  Use: Scroll            |       |     2 ||     2
Armor: Robe              |     2 |     2 ||     4
Dodge: Dodged            |    16 |    17 ||    33
